 Dungeon Crawl Stone Soup version 0.14-a0-181-gf6fe0c6 (webtiles) character file.

2766 boubou the Cleaver (level 9, 0/115 HPs)
             Began as a Minotaur Berserker on Oct 6, 2013.
             Was a Priest of Trog.
             Slain by an orc warrior
             ... wielding a +0,+1 orcish glaive
              (19 damage)
             ... on Level 6 of the Dungeon.
             The game lasted 00:52:07 (7062 turns).

boubou the Cleaver (Minotaur Berserker)             Turns: 7062, Time: 00:52:07

HP   0/115       AC  7     Str 30      XL: 9   Next: 27%
MP   3/3         EV 10     Int  4      God: Trog [***...]
Gold 285         SH  0     Dex  9 (10) Spells:  0 memorised,  8 levels left

Res.Fire  : . . .   See Invis. : .   e - +1,+0 orc war axe (curse)
Res.Cold  : . . .   Warding    : .   H - +0 elf scale mail (curse)
Life Prot.: . . .   Conserve   : .   (no shield)
Res.Poison: .       Res.Corr.  : .   (helmet restricted)
Res.Elec. : .       Clarity    : .   (no cloak)
Sust.Abil.: . .     Spirit.Shd : .   (no gloves)
Res.Mut.  : .       Stasis     : .   (no boots)
Res.Rott. : .       Flight     : .   (no amulet)
Saprovore : . . .                    (no ring)
                                     (no ring)

@: berserking, very quick, slightly resistant to hostile enchantments, extremely
unstealthy
A: retaliatory headbutt, horns 2
a: Burn Spellbooks, Berserk, Trog's Hand, Renounce Religion


You were on level 6 of the Dungeon.
You worshipped Trog.
Trog was most pleased with you.
You were hungry.

You visited 1 branch of the dungeon, and saw 6 of its levels.
You also visited: Ossuary.

You collected 265 gold pieces.

Inventory:

Hand weapons
 a - a +0,+0 hand axe
 e - a cursed +1,+0 orcish war axe (weapon)
 g - a +1,+0 elven spear
 h - a cursed +0,+0 orcish club
 j - a +2,+3 orcish hand axe
 r - a +0,+0 bow
 L - a cursed -1,+0 halberd
 M - a +0,+0 halberd
Missiles
 d - 24 stones (quivered)
 s - 14 arrows of frost
 u - 5 silver tomahawks
Armour
 b - a cursed +0 animal skin
 o - a +0 ring mail
 p - a +2 ring mail
 y - a +0 leather armour
 D - a cursed +0 ring mail
 H - a cursed +0 elven scale mail (worn)
 J - a +0 scale mail
Magical devices
 E - a wand of draining (7) {unknown}
Comestibles
 i - a rotting chunk of rat flesh
 z - a bread ration
 R - a rotting chunk of bat flesh
Scrolls
 c - a scroll of noise {unknown}
 f - a scroll of enchant weapon II {unknown}
 k - 6 scrolls of remove curse {unknown}
 n - 9 scrolls of identify {unknown}
 q - 7 scrolls of teleportation {unknown}
 t - 2 scrolls of enchant armour {unknown}
 v - 3 scrolls of fear {unknown}
 w - 5 scrolls of random uselessness {unknown}
 A - 3 scrolls of blinking {unknown}
 B - 2 scrolls of immolation {unknown}
 P - 2 scrolls of curse armour {unknown}
 Q - a scroll of acquirement {unknown}
Jewellery
 m - an uncursed ring of sustenance {unknown}
Potions
 l - 2 potions of cure mutation {unknown}
 x - 10 potions of curing {unknown}
 C - a potion of heal wounds {unknown}
 F - a potion of flight {unknown}
 G - a potion of might {unknown}
 I - a potion of agility {unknown}
 K - a potion of mutation {unknown}
 N - 5 potions of degeneration {unknown}
 O - 6 potions of confusion {unknown}


   Skills:
 + Level 7.4 Fighting
 + Level 9.1 Axes
 + Level 7.2 Armour
 + Level 7.4 Dodging
 + Level 1.8 Stealth


You had 8 spell levels left.
You didn't know any spells.

Dungeon Overview and Level Annotations

Branches:
Dungeon (6/27)
 Temple: D:4-7          Orc: D:6-11

Altars:
Elyvilon
the Shining One

Shops:
D:4 (


Innate Abilities, Weirdness & Mutations

You reflexively headbutt those who attack you in melee.
You have a pair of horns on your head.


Message History

You hit the orc warrior but do no damage.
Your headbutt misses the orc warrior.
The orc warrior is lightly wounded.
It hits you but does no damage.
You hit the orc warrior.
The orc warrior is moderately wounded.
The orc warrior hits you with an orcish glaive!
* * * LOW HITPOINT WARNING * * *
You are too berserk!
You hit the orc warrior but do no damage.
You headbutt the orc warrior.
The orc warrior is heavily wounded.
You hear some strange, mumbled words.
The magic dart hits you!
* * * LOW HITPOINT WARNING * * *
You hit the orc warrior but do no damage.
Your headbutt misses the orc warrior.
The orc warrior is heavily wounded.
The orc warrior hits you with an orcish glaive!
You die...

..........# #.........#
...[......# ###########
..........# ..........#
########### ####...####
#.........# #...# #.........#
#...# #.........#
#...#########.........########
#...##......)@................
#
#...##..:...o).#####..........
# #...# .........# #..........
# #...# ...<.....# #...(......
# #...# .........# ###########
# #...# ######### #......... #
##### ####### #......... #
#.....# #......... # #.....#
#.........


You could see an orc warrior.

Vanquished Creatures
  The ghost of truffant the Archer, an experienced CeHu of Okawaru (D:6)
  The ghost of Leibowitz the Ducker, an experienced KoBe of Trog (D:4)
  Grinder (D:3)
  An ice beast (D:5)
  A centaur (D:5)
  A sky beast (D:6)
  An ogre (D:6)
  Sigmund (D:3)
  3 wights (D:6)
  A human zombie (Ossuary)
  4 crimson imps
  A scorpion (D:6)
  3 jellies
  2 hounds
  A quasit (D:6)
  A worker ant (D:6)
  2 orc priests
  An iguana (D:3)
  5 orc wizards
  3 big kobold zombies (Ossuary)
  Ijyb (D:5)
  4 mummies (Ossuary)
  A hound zombie (D:5)
  9 adders
  An inept item mimic (D:5)
  3 worms
  A giant eyeball (D:6)
  A giant gecko (D:2)
  10 orcs
  A bat zombie (D:6)
  A giant cockroach (D:6)
  10 goblins
  10 hobgoblins
  3 quokkas
  15 bats
  A giant gecko skeleton (D:4)
  5 giant newts
  A goblin zombie (Ossuary)
  2 hobgoblin zombies (Ossuary)
  11 kobolds
  A kobold zombie (Ossuary)
  13 rats
140 creatures vanquished.

Notes
Turn   | Place    | Note
--------------------------------------------------------------
     0 | D:1      | boubou, the Minotaur Berserker, began the quest for the Orb.
     0 | D:1      | Reached XP level 1. HP: 19/19 MP: 0/0
   494 | D:1      | Reached XP level 2. HP: 26/26 MP: 0/0
   684 | D:1      | Reached skill level 4 in Fighting
  1328 | D:2      | Reached XP level 3. HP: 31/33 MP: 1/1
  1507 | D:2      | Found a white marble altar of Elyvilon.
  1593 | D:2      | Acquired Trog's second power
  1593 | D:2      | Reached XP level 4. HP: 37/40 MP: 1/1
  2269 | D:3      | Noticed Grinder
  2270 | D:3      | Paralysed by Grinder for 3 turns
  2280 | D:3      | Killed Grinder
  2280 | D:3      | Reached skill level 5 in Axes
  2280 | D:3      | Reached XP level 5. HP: 47/47 MP: 1/1
  2280 | D:3      | Reached XP level 6. HP: 53/53 MP: 2/2
  2511 | D:3      | Reached skill level 5 in Fighting
  2617 | D:3      | Noticed Sigmund
  2622 | D:3      | Killed Sigmund
  2622 | D:3      | Reached skill level 5 in Armour
  3737 | D:4      | Noticed Leibowitz's ghost (experienced KoBe)
  3741 | D:4      | Reached XP level 7. HP: 60/60 MP: 2/2
  3745 | D:4      | Killed Leibowitz's ghost
  3745 | D:4      | Reached skill level 6 in Axes
  3745 | D:4      | Reached skill level 5 in Dodging
  3745 | D:4      | Reached skill level 1 in Stealth
  3924 | D:4      | Found a glowing golden altar of the Shining One.
  4112 | D:4      | Found Shrodweti's Weapon Shoppe.
  4358 | D:5      | Entered Level 5 of the Dungeon
  4455 | D:5      | Reached skill level 7 in Axes
  4455 | D:5      | Reached XP level 8. HP: 15/68 MP: 2/2
  4998 | D:5      | Noticed Ijyb
  5005 | D:5      | Killed Ijyb
  5850 | D:6      | Found a sand-covered staircase.
  5863 | Ossuary  | Entered an ossuary
  6383 | D:6      | Reached skill level 8 in Axes
  6759 | D:6      | Noticed truffant's ghost (experienced CeHu)
  6774 | D:6      | Killed truffant's ghost
  6774 | D:6      | Reached skill level 9 in Axes
  6774 | D:6      | Reached XP level 9. HP: 77/77 MP: 3/3
  7062 | D:6      | Slain by an orc warrior

Action                   |  1- 3 |  4- 6 |  7- 9 || total
-------------------------+-------+-------+-------++-------
Melee: Hand axe          |    67 |    54 |       ||   121
       War axe           |       |    20 |   220 ||   240
Invok: Berserk           |     1 |     4 |     5 ||    10
       Burn Spellbooks   |       |       |     1 ||     1
